 Dungeon Crawl Stone Soup version 0.30-a0-728-gc68057be0a (webtiles) character file.

Game seed: 16194407141852566208

60 Jackthecabe the Sneak (level 4, 0/23 HPs)
             Began as a Vine Stalker Brigand on Jan 31, 2023.
             Splashed by a jelly's acid (7 damage)
             ... on level 3 of the Dungeon on Feb 1, 2023.
             The game lasted 00:04:31 (1628 turns).

Jackthecabe the Sneak (Vine Stalker Brigand)        Turns: 1628, Time: 00:04:32

Health: 0/23       AC: -4    Str: 14    XL:     4   Next: 4%
Magic:  0/5        EV: 11    Int: 11    God:
Gold:   98         SH:  0    Dex: 17    Spells: 3/3 levels left

rFire   . . .      SeeInvis .    r - +1 dagger (speed)
rCold   . . .      Faith    .    (no shield)
rNeg    . . .      Spirit   +    b - +0 robe
rPois   .          Reflect  .    (no helmet)
rElec   .          Harm     .    c - +0 cloak
rCorr   .          Rampage  .    o - +0 pair of gloves
Will    .....                    (no boots)
Stlth   +++                      (no amulet)
HPRegen 1.03/turn                (no ring)
MPRegen 0.09/turn                (no ring)

@: corroded
A: fangs 2, regeneration 1, magic shield, antimagic bite, no potion heal 2
a: no special abilities


You were on level 3 of the Dungeon.
You visited 1 branch of the dungeon, and saw 3 of its levels.

You collected 98 gold pieces.


Innate Abilities, Weirdness & Mutations

You have extremely sharp teeth.
Your natural rate of healing is unusually fast.
When hurt, damage is shared between your health and your magic reserves.
Your bite disrupts and absorbs the magic of your enemies.
Potions cannot restore your health.


   Skills:
 - Level 1.7 Fighting
 + Level 3.8 Short Blades
 - Level 1.7 Throwing
 - Level 0.7 Dodging
 - Level 4.8 Stealth


You had 3 spell levels left.
You didn't know any spells.
Your spell library contained the following spells:

 Spells                   Type           Power      Damage    Failure   Level
 Apportation              Tloc           0%         N/A       34%         1
 Cigotuvi's Dreadful Rot  Necr/Pois/Air  0%         N/A       47%         2
 Poisonous Vapours        Pois/Air       0%         N/A       47%         2
 Mephitic Cloud           Conj/Pois/Air  0%         N/A       71%         3
 Alistair's Intoxication  Tmut/Pois      0%         N/A       100%        5

Inventory:

Hand Weapons
 a - a +2 dagger
 q - a +3 dagger
 r - a +1 dagger of speed (weapon)
Missiles
 d - 9 poisoned darts (quivered)
 e - 3 curare-tipped darts {=f}
Armour
 b - a +0 robe (worn)
 c - a +0 cloak (worn)
 o - a +0 pair of gloves (worn)
Magical Staves
 l - a staff of air {!a}
Jewellery
 C - a ring of ice
Scrolls
 g - 2 scrolls of fear {unknown}
 i - 2 scrolls of teleportation {unknown}
 j - a scroll of noise {unknown}
 m - 2 scrolls of identify {unknown}
 n - 2 scrolls of magic mapping {unknown}
 p - a scroll of silence {unknown}
 t - a scroll of blinking {unknown}
Potions
 f - a potion of might {unknown}
 h - 5 potions of curing {unknown}
 k - a potion of lignification {unknown}
 s - a potion of attraction {unknown}

Dungeon Overview and Level Annotations

Branches:
Dungeon (3/15)

Altars:

.###+####.########## .
.......).........# ..
...▓▓...▓▓▓...▓▓......
▓.▓.▓)▓.▓.▓ ....
▓...▓.▓...▓▓▓.....
.▓▓▓.†.▓▓▓........ ▓.
▓.▓†▓)▓.▓...... ..
▓.▓.▓)▓▓........
▓.▓.▓J@▓▓▓.#.##
▓.▓=▓.▓..(▓ ..#
..▓.▓.▓..▓▓▓ #..
.▓▓.▓.▓.▓▓. . ▓
▓?▓.▓.▓ .▓ ▓▓▓... ..
.▓. ▓▓▓ ▓ ▓


You could see a jelly.


Message History

The worm is severely wounded.
You hit the worm.
The worm is almost dead.
The worm barely misses you. The jelly barely misses you.
You hit the kobold. You bite the kobold.
You kill the kobold!
You hit the worm.
You kill the worm!
The jelly hits you.
You are splashed with acid!
You have reached level 4!
You feel stronger.
You begin to heal more quickly.
The jelly attacks as you move away! The jelly completely misses you.
Things that are here:
a +0 short sword; a kobold corpse You hit the rat.
You kill the rat!
The jelly hits you but does no damage.
You see here a rat corpse.
You hit the jelly. The acid corrodes you!
Your hands burn!
The jelly is lightly wounded.
The jelly hits you.
You are splashed with acid!
* * * LOW HITPOINT WARNING * * *
The jelly attacks as you move away! The jelly closely misses you.
Things that are here:
a +0 short sword; a kobold corpse The jelly attacks as you move away!
The jelly hits you.
* * * LOW HITPOINT WARNING * * *
The acid corrodes you!
You are splashed with acid!
You die...

Skill      XL: |  1  2 |
---------------+-------+-----
Short Blades   | 2 3 |  3.8
Fighting       | |  1.7
Throwing       | |  1.7
Dodging        | |  0.7
Stealth        | |  4.8

Action                     |  1- 3 |  4- 6 || total
---------------------------+-------+-------++-------
  Melee: Dagger            |    99 |     2 ||   101
         Bite              |    22 |       ||    22
   Stab: Sleeping          |    13 |       ||    13
 Armour: Robe              |    20 |     1 ||    21
  Dodge: Dodged            |    41 |     2 ||    43

Levels and vault maps discovered:
D:1:      dpeg_arrival_signposts, layout_basic, nicolae_titane
D:2:      layout_basic
D:3:      layout_basic, mainiacjoe_overflow_alcove_4, vehumet_statue,
          minmay_starry_boxes

Notes
Turn   | Place    | Note
-------+----------+-------------------------------------------
     0 | D:1      | Jackthecabe the Vine Stalker Brigand began the quest for
                  | the Orb.
     0 | D:1      | Reached XP level 1. HP: 11/11 MP: 2/2
   138 | D:1      | Reached skill level 2 in Short Blades
   148 | D:1      | Reached XP level 2. HP: 13/15 MP: 3/3
   518 | D:1      | Reached skill level 3 in Short Blades
   529 | D:1      | Reached XP level 3. HP: 17/18 MP: 4/4
  1621 | D:3      | Gained mutation: Your natural rate of healing is unusually
                  | fast. [Vine Stalker growth]
  1621 | D:3      | Reached XP level 4. HP: 13/23 MP: 2/5
  1628 | D:3      | Splashed by a jelly's acid

Vanquished Creatures
  An adder (D:2)
  A worm (D:3)
  A dart slug (D:1)
  5 endoplasms
  A giant cockroach (D:1)
  4 hobgoblins
  2 jackals (D:1)
  7 kobolds
  2 quokkas (D:1)
  4 ball pythons (D:1)
  5 bats
  3 frilled lizards
  4 goblins
  4 rats
44 creatures vanquished.

Table legend: (Time is in decaauts)
 A = Elapsed time spent in this place.
 B = Non-inter-level travel time spent in this place.
 C = Inter-level travel time spent in this place.
 D = Time resting spent in this place.
 E = Time spent auto-exploring this place.
 F = Levels seen in this place.
 G = Mean time per level.
                   A        B        C        D        E       F      G
               +--------+--------+--------+--------+--------+-----+--------+
         Total |   1608 |   1470 |    138 |      7 |   1103 |   3 |  536.0 |
       Dungeon |   1608 |   1470 |    138 |      7 |   1103 |   3 |  536.0 |
               +--------+--------+--------+--------+--------+-----+--------+

Top non-repeatable levels by time:
     D:1: 1001 daAuts
     D:2: 578 daAuts
     D:3: 27 daAuts

Table legend:
 A = Non-vault XP
 B = Vault XP
 C = Vault XP percentage of total XP
 D = Non-vault monster count
 E = Vault monster count
 F = Vault count percentage of total count
                 A         B        C        D         E       F
            +---------+---------+-------+---------+---------+-------
      Total |      80 |       6 |   7.0 |      42 |       2 |   4.5
            +---------+---------+-------+---------+---------+-------
        D:1 |      45 |       0 |   0.0 |      26 |       0 |   0.0
        D:2 |      33 |       0 |   0.0 |      14 |       0 |   0.0
        D:3 |       2 |       6 |  75.0 |       2 |       2 |  50.0
            +---------+---------+-------+---------+---------+-------
